 Dungeon Crawl Stone Soup version 0.20.1-1-g8b1a95d (webtiles) character file.

6990 HammerPanzer the Basher (level 10, 0/85 HPs)
             Began as a Demonspawn Berserker on Oct 29, 2017.
             Was a High Priest of Trog.
             Killed from afar by Psyche (10 damage)
             ... with a puff of flame
             ... on level 9 of the Dungeon.
             The game lasted 00:32:01 (9376 turns).

HammerPanzer the Basher (Demonspawn Berserker)      Turns: 9376, Time: 00:32:02

Health: 0/85       AC:  0    Str: 22    XL:     10   Next: 81%
Magic:  0/9        EV: 15    Int:  8    God:    Trog [*****.]
Gold:   221        SH:  0    Dex: 12    Spells: 9/9 levels left

rFire    . . .     SeeInvis +   (weapon currently unavailable)
rCold    . . .     Gourm    +   (shield currently unavailable)
rNeg     . . .     Faith    .   (armour currently unavailable)
rPois    .         Spirit   +   (helmet currently unavailable)
rElec    .         Reflect  .   (cloak currently unavailable)
rCorr    .         Harm     .   (gloves currently unavailable)
MR       .....                  (boots currently unavailable)
Stlth    +.........             x - amulet of the gourmand
Regen    0.3/turn               (ring currently unavailable)
MPRegen  0.3/turn               (ring currently unavailable)

@: lethally poisoned (0 -> -11), pig-form (expiring), berserk cooldown, hasted
and slowed, drained, very quick
A: repulsion field 1, see invisible, low mp 1, magic shield, magic regeneration
a: Berserk, Trog's Hand, Brothers in Arms, Burn Spellbooks, Renounce Religion


You were on level 9 of the Dungeon.
You worshipped Trog.
Trog was extremely pleased with you.
You were very full.
You were a filthy swine.
You visited 1 branch of the dungeon, and saw 10 of its levels.

You collected 521 gold pieces.
You spent 300 gold pieces at shops.

Inventory:

Hand Weapons
 L - a +1 great mace of protection (melded)
Missiles
 w - 4 tomahawks of dispersal (quivered)
Armour
 a - a +0 plate armour (melded)
 r - a +0 helmet (melded)
 u - a +0 pair of gloves (melded)
 K - a +1 cloak of magic resistance (melded)
Jewellery
 k - an uncursed ring of resist corrosion
 l - a +3 amulet of reflection {unknown}
 q - a ring of protection from magic (melded)
 v - a +5 ring of dexterity (melded)
 x - an amulet of the gourmand (around neck)
Wands
 y - a wand of acid (1/15)
 F - a wand of digging (2/24)
Scrolls
 d - a scroll of recharging
 g - 6 scrolls of teleportation
 p - 6 scrolls of remove curse
 B - a scroll of noise {unknown}
 C - 2 scrolls of random uselessness {unknown}
 D - 2 scrolls of enchant armour {unknown}
 E - a scroll of magic mapping {unknown}
 G - a scroll of blinking {unknown}
 J - 2 scrolls of enchant weapon {unknown}
Potions
 e - 4 potions of curing
 f - 2 potions of haste
 h - 2 potions of magic
 i - a potion of mutation
 j - 2 potions of flight
 o - a potion of heal wounds
 s - 2 potions of invisibility
 t - 2 potions of agility
 z - a potion of resistance
 A - 2 potions of brilliance
 H - 2 potions of ambrosia
Comestibles
 b - 4 royal jellies
 c - 7 bread rations
 m - 9 chunks of flesh
 n - 4 meat rations
 I - 3 fruits


   Skills:
 + Level 10.0(8.8) Fighting
 * Level 12.5(11.2) Maces & Flails
 - Level 1.7(0.8) Armour
 - Level 1.7(0.8) Dodging


You had 9 spell levels left.
You didn't know any spells.

Dungeon Overview and Level Annotations

Branches:
Dungeon (10/15)            Temple (0/1) D:4            Lair (0/6) D:9
    Orc: D:9-12

Altars:
Cheibriados
Elyvilon
Fedhas
Gozag
Kikubaaqudgha
Nemelex Xobeh
Sif Muna
Xom
Yredelemnul
The Shining One

Shops:
D:4 ?   D:7 *   D:8 !

Annotations:
D:9 Psyche


Innate Abilities, Weirdness & Mutations

((You have hoof-like feet.))
You are surrounded by a mild repulsion field. (EV +2)
When hurt, damage is shared between your health and your magic reserves.
You regenerate magic rapidly.
You have supernaturally acute eyesight. (SInv)
Your magical capacity is low. (-10% MP)


Message History

* * * LOW HITPOINT WARNING * * *
Psyche hits you with a dagger of chaos.
* * * LOW HITPOINT WARNING * * *
You convulse.
* * * LOW HITPOINT WARNING * * *
Psyche hits you with a dagger of chaos.
* * * LOW HITPOINT WARNING * * *
Psyche hits you with a dagger of chaos.
You are more poisoned.
You can move again.
You barely miss Psyche.
Psyche is severely wounded.
You feel sick. Psyche hits you with a dagger of chaos.
* * * LOW HITPOINT WARNING * * *
You are lethally poisoned!
* * * LOW HITPOINT WARNING * * *
You feel sick. Psyche gestures at you while chanting.
The puff of flame hits you!
You die...

.............###..##....#........
...... .........###.#........ ..#
.#......# #.......... .#
...##..#..# #..#....... .##
..........###.......... ..### .
................( . ... ....###
......###......###.. ... #......
#..####....### ... ...####
##..@)h.((#####.. ... ...#
##..####(....... ... ...# #.#
#...####. ... ##..# #.. #..## ..
#... #. #...# .### .. #...# #.. #
.. ....(# ..# ##. >.....# ..#
#...)...#


You could see Psyche (invisible).

Vanquished Creatures
  The ghost of ak87 the Transmogrifier, a novice DgTm (D:8)
  A wolf spider zombie (D:9)
  Maurice (D:8)
  Joseph (D:9)
  2 hippogriffs
  A yak (D:9)
  A steam dragon (D:9)
  2 hungry ghosts
  A water moccasin (D:6)
  4 porcupines (D:9)
  3 orc warriors
  3 sky beasts
  2 necrophages
  A black bear (D:9)
  2 phantoms
  6 ogres
  5 bullfrogs
  4 scorpions
  The ghost of HammerPanzer the Distorting Demonspawn, a weakling DsAK of Lugonu (D:3)
  3 jellies
  A vampire bat (D:3)
  3 howler monkeys (D:9)
  2 crimson imps (D:6)
  A bullfrog zombie (D:5)
  8 orc priests
  9 hounds
  11 orc wizards
  A gnoll shaman (D:5)
  2 iguanas
  5 worker ants
  A killer bee zombie (D:5)
  A worker ant zombie (D:5)
  9 gnolls
  15 adders
  2 shadow imps (D:7)
  4 oozes
  An adder zombie (D:8)
  An adder skeleton (D:8)
  A worm (D:3)
  3 fire bats (D:3)
  10 leopard geckos
  49 orcs
  2 spectral bats (D:3)
  12 bats
  3 bat skeletons (D:3)
  A bat zombie (D:3)
  7 giant cockroaches
  8 hobgoblins
  10 jackals
  7 kobolds
  8 quokkas
  A bat simulacrum (D:3)
  4 frilled lizards
  8 goblins
  2 leopard gecko skeletons
  A leopard gecko zombie (D:8)
  A quokka zombie (D:6)
  7 rats
  A spectral orc (D:2)
268 creatures vanquished.

Vanquished Creatures (others)
  2 fungi (D:9)
2 creatures vanquished.

Grand Total: 270 creatures vanquished

Notes
Turn   | Place    | Note
-------+----------+-------------------------------------------
     0 | D:1      | HammerPanzer the Demonspawn Berserker began the quest for the Orb.
     0 | D:1      | Reached XP level 1. HP: 18/18 MP: 1/1
   438 | D:1      | Reached skill level 3 in Maces & Flails
   451 | D:1      | Gained mutation: You have large cloven feet. [demonic ancestry]
   451 | D:1      | Reached XP level 2. HP: 23/24 MP: 2/2
  1162 | D:2      | Found a basalt altar of Yredelemnul.
  1208 | D:2      | Gained mutation: When hurt, damage is shared between your health and your magic reserves. [demonic ancestry]
  1208 | D:2      | Reached XP level 3. HP: 23/29 MP: 3/3
  1684 | D:2      | Reached ** piety under Trog
  1780 | D:2      | Reached XP level 4. HP: 37/37 MP: 4/4
  1791 | D:2      | Reached skill level 4 in Maces & Flails
  2739 | D:3      | Gained mutation: You regenerate magic rapidly. [demonic ancestry]
  2739 | D:3      | Reached XP level 5. HP: 42/42 MP: 5/5
  2910 | D:3      | Found an opulent altar of Gozag.
  3021 | D:3      | Noticed HammerPanzer's ghost (weakling DsAK)
  3030 | D:3      | Killed HammerPanzer's ghost
  3030 | D:3      | Reached skill level 5 in Maces & Flails
  3329 | D:3      | Reached XP level 6. HP: 39/49 MP: 6/6
  3413 | D:3      | Reached *** piety under Trog
  3608 | D:5      | Entered Level 5 of the Dungeon
  3654 | D:4      | Found a staircase to the Ecumenical Temple.
  3679 | D:4      | Reached skill level 6 in Maces & Flails
  3712 | D:4      | Reached skill level 5 in Fighting
  3725 | D:4      | Found Muluf's Magic Scroll Shop.
  3726 | D:4      | Noticed a hungry ghost
  3827 | D:4      | Killed a hungry ghost
  3827 | D:4      | Reached XP level 7. HP: 56/56 MP: 7/7
  3865 | D:3      | Received a gift from Trog
  4378 | D:4      | Reached skill level 7 in Maces & Flails
  4786 | D:4      | Reached **** piety under Trog
  5140 | D:5      | Gained mutation: You are surrounded by a mild repulsion field. (EV +2) [demonic ancestry]
  5140 | D:5      | Reached XP level 8. HP: 60/64 MP: 6/8
  5204 | D:5      | Gained mutation: You have supernaturally acute eyesight. (SInv) [mutagenic meat]
  5205 | D:5      | Gained mutation: Your magical capacity is low. (-10% MP) [mutagenic meat]
  5328 | D:6      | Reached skill level 8 in Maces & Flails
  5739 | D:5      | Found a blossoming altar of Fedhas.
  5792 | D:5      | Reached skill level 9 in Maces & Flails
  5892 | D:6      | Reached XP level 9. HP: 72/72 MP: 8/8
  6380 | D:6      | Found an ancient bone altar of Kikubaaqudgha.
  6989 | D:6      | Found a deep blue altar of Sif Muna.
  6989 | D:6      | Found a snail-covered altar of Cheibriados.
  6989 | D:6      | Found a sparkling altar of Nemelex Xobeh.
  7329 | D:7      | Reached skill level 10 in Maces & Flails
  7375 | D:8      | Noticed ak87's ghost (novice DgTm)
  7385 | D:8      | Killed ak87's ghost
  7549 | D:7      | Found Picuckeo's Assorted Antiques.
  7569 | D:7      | Found a shimmering altar of Xom.
  7763 | D:7      | Reached skill level 11 in Maces & Flails
  7813 | D:7      | Found a white marble altar of Elyvilon.
  7968 | D:8      | Found a glowing golden altar of the Shining One.
  8018 | D:8      | Reached ***** piety under Trog
  8134 | D:9      | Gained mutation: You have hoof-like feet. [demonic ancestry]
  8134 | D:9      | Reached XP level 10. HP: 82/82 MP: 9/9
  8244 | D:8      | Noticed Maurice
  8252 | D:8      | Killed Maurice
  8640 | D:8      | Found Otuocetz's Distillery.
  8643 | D:8      | Bought a potion of ambrosia for 120 gold pieces
  8643 | D:8      | Bought a potion of invisibility for 120 gold pieces
  8643 | D:8      | Bought a potion of brilliance for 60 gold pieces
  8874 | D:10     | Entered Level 10 of the Dungeon
  8904 | D:9      | Found a staircase to the Lair.
  8951 | D:9      | Reached skill level 12 in Maces & Flails
  9241 | D:9      | Received a gift from Trog
  9346 | D:9      | Noticed Joseph
  9360 | D:9      | Noticed Psyche
  9361 | D:9      | Killed Joseph
  9361 | D:9      | Reached skill level 10 in Fighting
  9372 | D:9      | Paralysed by Psyche for 2 turns
  9376 | D:9      | Killed from afar by Psyche

Skill      XL: |  1  2  3  4  5  6  7  8  9 10 |
---------------+-------------------------------+-----
Maces & Flails | 3 4 5 6 7 9 11 12 | 12.5
Fighting       | 4 5 7 8 10 | 10.0
Armour         | |  1.7
Dodging        | |  1.7

Action                   |  1- 3 |  4- 6 |  7- 9 | 10-12 || total
-------------------------+-------+-------+-------+-------++-------
Melee: Mace              |   125 |   190 |    31 |       ||   346
       Kick              |    22 |    40 |   136 |    53 ||   251
       Flail             |       |       |   359 |   110 ||   469
       Great mace        |       |       |       |    30 ||    30
       Unarmed           |       |       |       |     6 ||     6
Invok: Berserk           |     1 |     6 |    13 |     4 ||    24
       Burn Spellbooks   |       |       |       |     1 ||     1
       Trog's Hand       |       |       |       |     1 ||     1
  Use: Scroll            |       |       |    13 |     3 ||    16
 Stab: Sleeping          |     1 |       |       |       ||     1
  Eat: Chunk             |     4 |     9 |    46 |     7 ||    66
       Meat ration       |       |     1 |       |       ||     1
       Bread ration      |       |       |     1 |       ||     1
Armor: Animal skin       |     3 |       |       |       ||     3
       Ring mail         |    17 |       |       |       ||    17
       Chain mail        |    34 |   191 |   169 |       ||   394
       Plate armour      |       |       |    65 |    82 ||   147
Dodge: Dodged            |    84 |   138 |   177 |    57 ||   456
